 Seeded DCSS version 0.30.1 (webtiles) character file.

Game seed: 6351066067085065685 (custom seed)

36 Esekla the Grave Robber (level 3, -1/19 HPs)
             Began as a Deep Elf Necromancer on July 8, 2023.
             Was an Initiate of Vehumet.
             Slain by a black bear (2 damage)
             ... on level 2 of the Dungeon.
             The game lasted 00:09:24 (1089 turns).

Esekla the Grave Robber (Deep Elf Necromancer)      Turns: 1089, Time: 00:09:25

Health: -1/19      AC:  3    Str:  5    XL:     3   Next: 19%
Magic:  10/10      EV: 13    Int: 21    God:    Vehumet [......]
Gold:   91         SH:  0    Dex: 18    Spells: 8/9 levels left

rFire   . . .        s - +5 rapier of the Hero {heavy, rN+ Dex+3}
rCold   . . .        (no shield)
rNeg    + . .        i - +0 robe
rPois   .            (no helmet)
rElec   .            (no cloak)
rCorr   .            k - +0 pair of gloves
SInv    .            (no boots)
Will    .....        (no amulet)
Stlth   ++           (no ring)
HPRegen 0.23/turn    (no ring)
MPRegen 0.12/turn

%: no passive effects
@: attractive, hasted, very quick
A: no striking features
a: Renounce Religion


You were on level 2 of the Dungeon.
You worshipped Vehumet.
Vehumet was noncommittal.
You visited 1 branch of the dungeon, and saw 4 of its levels.

You collected 91 gold pieces.

Inventory:

Hand Weapons
 a - a +3 dagger of speed
 s - the +5 rapier of the Hero (weapon) {heavy, rN+ Dex+3}
   (You found it on level 3 of the Dungeon)

   Dex:       It affects your dexterity (+3).
   rN:        It protects you from negative energy.
Armour
 i - a +0 robe (worn)
 k - a +0 pair of gloves (worn)
Wands
 m - a wand of roots (9)
Scrolls
 c - 2 scrolls of identify {unknown}
 o - a scroll of fog {unknown}
Potions
 b - a potion of magic
 d - a potion of ambrosia {unknown}
 f - 2 potions of curing {unknown}
 g - a potion of heal wounds {unknown}
 h - a potion of attraction
 n - 2 potions of brilliance {unknown}


   Skills:
 + Level 0.7 Short Blades
 * Level 2.8 Dodging
 + Level 2.8 Stealth
 * Level 3.5 Spellcasting
 + Level 5.3 Necromancy


You had 8 spell levels left.
You knew the following spells:

 Your Spells              Type           Power      Damage    Failure   Level
a - Necrotise             Necr           100%       1d9       1%          1

Your spell library contained the following spells:

 Spells                   Type           Power      Damage    Failure   Level
 Vampiric Draining        Necr           26%        2d7       4%          3
 Animate Dead             Necr           26%        N/A       14%         4
 Lesser Beckoning         Tloc           6%         N/A       19%         2
 Gell's Gravitas          Tloc           3%         N/A       36%         3
 Teleport Other           Tloc           3%         N/A       36%         3
 Agony                    Necr           26%        N/A       36%         5


Dungeon Overview and Level Annotations

Branches:
Dungeon (4/15)
 Temple: D:4-7

Altars:
Vehumet
The Shining One

Shops:
D:2 =


Message History

Done exploring.
There is a stone staircase leading down, spattered with blood here.
Things that are here:
a +0 club; a goblin corpse You climb downwards.
Found 11 gold pieces.
There is a stone staircase leading up here.
Found a short sword.
You now have 91 gold pieces (gained 11).
A rat comes into view.
A black bear comes into view.
The rat attacks as you move away! The rat bites you.
You hit the rat.
You kill the rat!
Vehumet accepts your kill.
You feel agile.
s - the +5 rapier of the Hero (weapon)
{heavy, rN+ Dex+3}
Found 6 gold pieces.
The black bear growls angrily.
As you read the scroll labelled QUTAMUDAXU, it crumbles to dust.
The creatures around you are filled with an inner flame!
It was a scroll of immolation.
The black bear bites you.
The black bear claws you but does no damage.
The black bear claws you.
As you read the scroll labelled QOIXKOT YTEE, it crumbles to dust.
You assume a fearsome visage.
The black bear resists with some effort.
It was a scroll of fear.
The black bear bites you! The black bear closely misses you.
The black bear claws you.
* * * LOW HITPOINT WARNING * * *
It was a potion of attraction.
You feel attractive to monsters. The black bear bites you.
* * * LOW HITPOINT WARNING * * *
The black bear barely misses you. The black bear claws you.
* * * LOW HITPOINT WARNING * * *
It was a potion of haste.
You feel yourself speed up. The black bear closely misses you.
The black bear barely misses you. The black bear claws you.
You die...

g..... ....# #.#
...####..# #.#
#........# #.#
#..#####.# #.#
#..#####.###
#<......†..#
#........).# ###
#.######.#.####.$...
#...........@h..#
########.#.######
#.#.# #.#.# ..#.#
###.# #.# #.


You could see a black bear (inner flame).

Vanquished Creatures
  A dart slug (D:1)
  5 ball pythons (D:1)
  3 bats
  4 endoplasms
  5 goblins
  3 hobgoblins
  A quokka (D:1)
  3 frilled lizards
  4 kobolds
  A rat (D:2)
30 creatures vanquished.

Notes
Turn   | Place    | Note
-------+----------+-------------------------------------------
     0 | D:1      | Esekla the Deep Elf Necromancer began the quest for the
                  | Orb.
     0 | D:1      | Reached XP level 1. HP: 10/10 MP: 6/6
   188 | D:1      | Reached skill level 5 in Necromancy
   195 | D:1      | Reached XP level 2. HP: 11/15 MP: 8/8
   557 | D:4      | Found a radiant altar of Vehumet.
   561 | D:4      | Became a worshipper of Vehumet
   635 | D:4      | Found a glowing golden altar of the Shining One.
   748 | D:3      | Identified the +5 rapier of the Hero {heavy, rN+ Dex+3}
   824 | D:2      | Found Renulab's Jewellery Shop.
   962 | D:1      | Reached XP level 3. HP: 19/19 MP: 10/10
  1071 | D:2      | Noticed a black bear
  1089 | D:2      | Slain by a black bear

Illustrated notes

Levels and vault maps discovered:
D:1:      sevenhm_arrival_forest_fort_small_3, layout_rooms,
          chequers_serial_rivers_room_b, minmay_misc_feat_five
D:2:      layout_loops_ring, dreamdust_ecumenical_altar_angels_and_demons,
          serial_shops, shop
D:3:      layout_basic, grunt_temple_overflow_open, minmay_misc_feat_iff
D:4:      layout_basic, nicolae_overflow_quartered_altars, serial_shops,
          nicolae_diamond_shop

Skill      XL: |  1 |
---------------+----+-----
Necromancy     | 5 |  5.3
Short Blades   | |  0.7
Dodging        | |  2.8
Stealth        | |  2.8
Spellcasting   | |  3.5

Action                     || total
---------------------------++-------
  Melee: Dagger            ||    57
         Short sword       ||     5
         Unarmed           ||     3
         Rapier            ||     1
    Use: Scroll            ||     2
         Potion            ||     2
   Stab: Sleeping          ||     6
 Armour: Robe              ||    15
  Dodge: Dodged            ||    20
